 Dungeon Crawl Stone Soup version 0.31-a0-924-ge39a22a033 (webtiles) character file.

Game seed: 5155201731413152438

295 IndexError the Conjurer (level 6, 32/32 HPs)
             Began as a Gargoyle Conjurer on Oct 18, 2023.
             Was a Follower of Elyvilon.
             Quit the game on level 3 of the Dungeon.
             The game lasted 00:05:41 (4097 turns).

IndexError the Conjurer (Gargoyle Conjurer)         Turns: 4097, Time: 00:05:42

Health: 32/32      AC:  7    Str: 10    XL:     6   Next: 34%
Magic:  12/12      EV: 11    Int: 21    God:    Elyvilon [*.....]
Gold:   94         SH:  0    Dex:  8    Spells: 10/13 levels left

rFire   . . .        p - +2 dagger (venom)
rCold   . . .        (no shield)
rNeg    + . .        a - +0 robe
rPois   ∞            t - +0 helmet
rElec   +            (no cloak)
rCorr   +            (no gloves)
SInv    .            (no boots)
Will    .....        k - amulet of magic regeneration
Stlth   ++           o - ring of resist corrosion
HPRegen 0.25/turn    (no ring)
MPRegen 0.53/turn

%: no passive effects
@: studying Axes
A: sickness immunity, AC +4, negative energy resistance 1, electricity
resistance, torment resistance 1, petrification resistance
a: Renounce Religion, Purification


You were on level 3 of the Dungeon.
You worshipped Elyvilon.
Elyvilon was aware of your devotion.
You visited 1 branch of the dungeon, and saw 3 of its levels.
You also visited: Sewer.

You collected 94 gold pieces.

Inventory:

Hand Weapons
 p - a +2 dagger of venom (weapon)
   (You found it on level 3 of the Dungeon)
Missiles
 e - 14 poisoned darts
Armour
 a - a +0 robe (worn)
 t - a +0 helmet (worn)
   (You found it on level 3 of the Dungeon)
Magical Staves
 c - a staff of cold {rC+}
   (You found it on level 3 of the Dungeon)
Jewellery
 k - an amulet of magic regeneration (around neck)
   (You found it on level 2 of the Dungeon)
 o - a ring of resist corrosion (left hand)
   (You found it on level 3 of the Dungeon)
Wands
 u - a wand of paralysis (8)
   (You took it off Ijyb on level 3 of the Dungeon)
Scrolls
 d - 5 scrolls of identify {unknown}
 f - 2 scrolls of enchant armour {unknown}
 h - a scroll of blinking {unknown}
 i - 2 scrolls of summoning {unknown}
 j - 3 scrolls of teleportation {unknown}
 q - a scroll of acquirement {unknown}
 r - 2 scrolls of vulnerability {unknown}
 s - a scroll of torment {unknown}
Potions
 b - 4 potions of magic
 g - a potion of cancellation
 l - a potion of ambrosia
 m - a potion of curing
 n - 2 potions of haste


   Skills:
 - Level 1.5 Dodging
 - Level 2.1 Stealth
 + Level 4.4 Spellcasting
 + Level 6.5 Conjurations


You had 10 spell levels left.
You knew the following spells:

 Your Spells              Type           Power      Damage    Failure   Level
a - Magic Dart            Conj           100%       1d8       1%          1
b - Searing Ray           Conj           64%        2d6       1%          2

Your spell library contained the following spells:

 Spells                   Type           Power      Damage    Failure   Level
 Dazzling Flash           Conj/Hex       36%        N/A       9%          3
 Fulminant Prism          Conj/Hex       9%         3d6       30%         4
 Iskenderun's Mystic Bla  Conj/Tloc      18%        2d6       30%         4


Dungeon Overview and Level Annotations

Branches:
Dungeon (3/15)              Sewer (visited)

Altars:
Elyvilon
Nemelex Xobeh

Annotations:
D:3 1 transporter


Innate Abilities, Weirdness & Mutations

You are immune to sickness and miasma.
Your stone body is resilient. (AC +4)
You are immune to poison.
You resist negative energy. (rN+)
You are resistant to electric shocks. (rElec)
You are resistant to unholy torment.
You are immune to petrification.


Message History

Confirm with . or Enter, or press ? or * to list all spells.
Okay, then.
The magic dart hits the orc!
You now have 5/12 mp.
The magic dart hits the orc.
The magic dart hits the orc.
You now have 4/12 mp.
The magic dart hits the rat.
You can't see any susceptible monsters within range! (Use Z to cast anyway.)
A bat comes into view.
The bat moves out of view.
You regained 2 mp, and now have 6/12 mp.
You see here a +0 great mace.
A bat is nearby!
MP restored: 12 A bat is nearby!
The magic dart hits the bat.
You now have 11/12 mp.
You can't see any susceptible monsters within range! (Use Z to cast anyway.)
You can't see any susceptible monsters within range! (Use Z to cast anyway.)
You can't see any susceptible monsters within range! (Use Z to cast anyway.)
A bat is nearby!
MP restored: 12 A bat is nearby!
The magic dart hits the bat!
You can't see any susceptible monsters within range! (Use Z to cast anyway.)
Found a roughly hewn altar of Beogh.
q - a scroll labelled POMYOSM NIRR You see here a +0 dagger.
Items here: )) [[.
Found a faded altar of an unknown god.
You see here a +0 short sword.
r - 2 scrolls labelled AKKOBOPH JUENU
s - a scroll labelled REEWKU UWOLOU You see here a +0 short sword.
Items here: )) [[.
You see here a +0 dagger.
You see here a +0 great mace.
t - a +0 helmet You start putting on your armour.
You continue putting on your +0 helmet. x4
You finish putting on your +0 helmet.
Aiming: Magic Dart (safe; 1% risk of failure)
Press: ? - help, Q - select action, (/) - cycle Shift-Dir - straight line
Okay, then.
Unknown command.
Search for what [Enter for "throw", or ? for help]? alt
Items here: )) [[.
There is an open door here.
There is a faded altar of an unknown god here.
You see here a stone.
This altar belongs to (a) Ashenzari, (b) Cheibriados or (c) Elyvilon, but you can't tell which.
Press the corresponding letter to learn more about a god, or press enter to convert or escape to cancel.
Elyvilon accepts your prayer! Elyvilon welcomes you!
You can now purify yourself.
There is an open door here.
You see here a +0 short sword.
Items here: )) [[.
d - 4 scrolls labelled RIASMORHALAKH (gained 1) Ijyb the Twisted Goblin comes into view.
She is wielding a +0 club and carrying a wand of paralysis.
The magic dart hits Ijyb!
Ijyb shouts!
You now have 11/12 mp.
MP restored: 12 The magic dart hits Ijyb but does no damage.
Ijyb zaps a wand.
You resist with some effort.
You now have 11/12 mp.
Casting: Magic Dart (safe; 1% risk of failure)
Confirm with . or Enter, or press ? or * to list all spells.
Aiming: Searing Ray (safe; 1% risk of failure)
Press: ? - help, Shift-Dir - straight line, f/p - Ijyb
Aim: Ijyb, wielding a +0 club, wearing a +0 leather armour and carrying a wand of paralysis (moderately wounded, 74% to hit)
The searing ray hits Ijyb. (Press . to maintain the ray.)
You now have 10/12 mp.
The searing ray hits Ijyb.
You now have 9/12 mp.
The searing ray hits Ijyb!
u - a wand of paralysis (8)
Things that are here:
a +0 club; a +0 leather armour MP restored: 12
Things that are here:
a +0 club; a +0 leather armour You see here the felid skeleton of Natasha.
Things that are here:
a +0 short sword; 4 stones You see here a +0 plate armour.
d - 5 scrolls labelled RIASMORHALAKH (gained 1)
Found a stone staircase leading down.
There is a stone staircase leading down here.
You open the door.
Nemelex Xobeh says, "The prize could be yours... at the risk of your life!" "Beware!
This is a limited time offer!"
Found a sparkling altar of Nemelex Xobeh.
There is an open door here.
There is an open door here.
The hound barks!
Partly explored, unvisited transporter.
Partly explored, unvisited transporter.
Partly explored, unvisited transporter.
Are you sure you want to abandon this character and quit the game? (Confirm with "yes".)

#.# ##.#........
#.# #.#.####⌠..
#.# #.#.# #... #.#
#.#.# #... #.#
#.#.####..# #.#
#.#...###.# #.#
#.###.# #.. #.#
#.# #.# ##. #@#
#.###.####.
#.######..........
#.............####
########.###.#####
#..........
#####.#####
#....... ##.##...
####.##


There were no monsters in sight!

Vanquished Creatures
  A kobold brigand (Sewer)
  Ijyb (D:3)
  Natasha (twice) (D:3)
  8 adders
  2 river rats (Sewer)
  A worm (D:3)
  A dart slug (D:1)
  5 orcs (D:3)
  3 endoplasms
  A giant cockroach (D:3)
  6 goblins
  6 jackals
  2 quokkas
  3 ball pythons
  6 bats
  4 frilled lizards
  5 kobolds
  10 rats
67 creatures vanquished.

Notes
Turn   | Place    | Note
-------+----------+-------------------------------------------
     0 | D:1      | IndexError the Gargoyle Conjurer began the quest for the
                  | Orb.
     0 | D:1      | Reached XP level 1. HP: 10/10 MP: 3/3
   465 | D:1      | Reached XP level 2. HP: 15/15 MP: 3/5
  1524 | D:2      | Reached XP level 3. HP: 19/19 MP: 3/6
  1912 | D:2      | Reached skill level 5 in Conjurations
  2557 | D:3      | Noticed Natasha
  2562 | D:3      | Learned a level 2 spell: Searing Ray
  2564 | D:3      | Killed Natasha
  2565 | D:3      | Reached skill level 3 in Spellcasting
  2565 | D:3      | Reached XP level 4. HP: 24/24 MP: 5/8
  2722 | D:3      | Found a glowing drain.
  2731 | Sewer    | Entered a sewer
  2831 | Sewer    | Noticed a kobold brigand
  2837 | Sewer    | Killed a kobold brigand
  2838 | Sewer    | Reached XP level 5. HP: 24/28 MP: 4/10
  2866 | Sewer    | Reached skill level 6 in Conjurations
  2980 | Sewer    | Reached skill level 4 in Spellcasting
  3051 | Sewer    | Reached XP level 6. HP: 32/32 MP: 10/12
  3701 | D:3      | Noticed Natasha
  3708 | D:3      | Killed Natasha
  3767 | D:3      | Found a faded altar of an unknown god.
  3824 | D:3      | Prayed at the altar of an unknown god.
  3824 | D:3      | Became a worshipper of Elyvilon the Healer
  3824 | D:3      | Reached * piety under Elyvilon
  3885 | D:3      | Noticed Ijyb
  3891 | D:3      | Killed Ijyb
  4007 | D:3      | Found a sparkling altar of Nemelex Xobeh.
  4007 | D:3      | Found a transporter.
  4097 | D:3      | Quit the game

Illustrated notes

Levels and vault maps discovered:
D:1:      giann_horns, layout_basic, serial_bayou, serial_bayou_pond_e,
          serial_bayou_lake_a, serial_bayou_shore_b, serial_bayou_shore_b
D:2:      layout_loops_corners, kennysheep_minor_cross, grunt_decor_clamped
D:3:      layout_loops_ring, grunt_nemelex_the_gamble, portal_sewer_entry_d,
          hellmonk_ecumenical_altar_defaced_shrine, uniq_natasha, uniq_ijyb

Skill      XL: |  1  2  3  4  5 |
---------------+----------------+-----
Conjurations   | 5 6 |  6.5
Spellcasting   | 3 4 |  4.4
Dodging        | |  1.5
Stealth        | |  2.1

Action                     |  1- 3 |  4- 6 || total
---------------------------+-------+-------++-------
  Melee: Unarmed           |     8 |       ||     8
         Dagger            |       |    32 ||    32
         Punch             |       |     1 ||     1
   Cast: Magic Dart        |    51 |    58 ||   109
         Searing Ray       |     1 |    10 ||    11
    Use: Potion            |       |     5 ||     5
 Armour: Robe              |    11 |    13 ||    24
  Dodge: Dodged            |     8 |    10 ||    18

Table legend: (Time is in decaauts)
 A = Elapsed time spent in this place.
 B = Non-inter-level travel time spent in this place.
 C = Inter-level travel time spent in this place.
 D = Time resting spent in this place.
 E = Time spent auto-exploring this place.
 F = Levels seen in this place.
 G = Mean time per level.
                   A        B        C        D        E       F      G
               +--------+--------+--------+--------+--------+-----+--------+
         Total |   4286 |   4095 |    191 |     45 |   3449 |   4 | 1071.5 |
       Dungeon |   3450 |   3259 |    191 |      0 |   2894 |   3 | 1150.0 |
         Sewer |    836 |    836 |      0 |     45 |    555 |   1 |  836.0 |
               +--------+--------+--------+--------+--------+-----+--------+

Top non-repeatable levels by time:
     D:1: 1368 daAuts
     D:2: 1220 daAuts
     D:3: 860 daAuts
   Sewer: 836 daAuts

Levels and vault maps discovered:
D:1:      giann_horns, layout_basic, serial_bayou, serial_bayou_pond_e,
          serial_bayou_lake_a, serial_bayou_shore_b, serial_bayou_shore_b
D:2:      layout_loops_corners, kennysheep_minor_cross, grunt_decor_clamped
D:3:      layout_loops_ring, grunt_nemelex_the_gamble, portal_sewer_entry_d,
          hellmonk_ecumenical_altar_defaced_shrine, uniq_natasha, uniq_ijyb

Table legend: (Time is in decaauts)
 A = Elapsed time spent in this place.
 B = Non-inter-level travel time spent in this place.
 C = Inter-level travel time spent in this place.
 D = Time resting spent in this place.
 E = Time spent auto-exploring this place.
 F = Levels seen in this place.
 G = Mean time per level.
                   A        B        C        D        E       F      G
               +--------+--------+--------+--------+--------+-----+--------+
         Total |   4286 |   4095 |    191 |     45 |   3449 |   4 | 1071.5 |
       Dungeon |   3450 |   3259 |    191 |      0 |   2894 |   3 | 1150.0 |
         Sewer |    836 |    836 |      0 |     45 |    555 |   1 |  836.0 |
               +--------+--------+--------+--------+--------+-----+--------+

Top non-repeatable levels by time:
     D:1: 1368 daAuts
     D:2: 1220 daAuts
     D:3: 860 daAuts
   Sewer: 836 daAuts

Table legend:
 A = Kills in this place as a percentage of kills in the entire game.
 B = Kills by you in this place as a percentage of kills by you in the entire game.
 C = Kills by friends in this place as a percentage of kills by friends in the entire game.
 D = Other kills in this place as a percentage of other kills in the entire game.
 E = Experience gained in this place as a percentage of experience gained in the entire game.
 F = Experience gained in this place divided by the number of levels of this place that you have seen.
                   A       B       C       D       E      F
               +-------+-------+-------+-------+-------+----------------------
         Total | 100.0 | 100.0 |   N/A |   N/A | 100.0 | 105.5
       Dungeon |  64.2 |  64.2 |   N/A |   N/A |  48.1 |  67.7
         Sewer |  35.8 |  35.8 |   N/A |   N/A |  51.9 | 219.0
               +-------+-------+-------+-------+-------+----------------------
